 Dungeon Crawl Stone Soup version 0.22-a0-389-g8519d86 (webtiles) character file.

10526 Gildeon the Basher (level 11, 0/63 HPs)
             Began as a Gargoyle Fighter on Apr 30, 2018.
             Was a Priest of Sif Muna.
             Slain by a scorpion (4 damage)
             ... on level 2 of the Lair of Beasts.
             The game lasted 01:04:12 (10821 turns).

Gildeon the Basher (Gargoyle Fighter)              Turns: 10821, Time: 01:04:13

Health: 0/63       AC: 24    Str: 21    XL:     11   Next: 63%
Magic:  18/18      EV:  7    Int: 10    God:    Sif Muna [***...]
Gold:   314        SH: 10    Dex: 10    Spells: 0/20 levels left

rFire    x . .     SeeInvis .   a - +3 morningstar (holy)
rCold    + . .     Gourm    .   c - +0 shield
rNeg     + . .     Faith    .   k - +0 chain mail
rPois    ∞         Spirit   .   (helmet restricted)
rElec    +         Reflect  .   (no cloak)
rCorr    .         Harm     .   g - +1 pair of gloves
MR       .....                  e - +1 pair of boots
Stlth    ..........             r - amulet of regeneration
HPRegen  0.60/turn              p - ring of flight
MPRegen  0.16/turn              x - ring of ice

@: no status effects
A: antennae 1, icy blue scales 1, blink, negative energy resistance 1,
electricity resistance, unbreathing, petrification resistance, rot immunity, AC
+8
a: Blink, Divine Energy, Channel Magic, Renounce Religion, Evoke Flight


You were on level 2 of the Lair of Beasts.
You worshipped Sif Muna.
Sif Muna was most pleased with you.
You were not hungry.

You visited 3 branches of the dungeon, and saw 12 of its levels.
You also visited: Sewer.

You collected 839 gold pieces.
You spent 525 gold pieces at shops.

Inventory:

Hand Weapons
 a - a +3 morningstar of holy wrath (weapon)
 b - a +0 fustibalus of velocity
Missiles
 j - 454 stones (quivered)
Armour
 c - a +0 shield (worn)
 e - a +1 pair of boots (worn)
 g - a +1 pair of gloves (worn)
 h - a +2 helmet
 k - a +0 chain mail (worn)
Jewellery
 p - a ring of flight (left hand)
 q - an uncursed ring of wizardry
 r - an amulet of regeneration (around neck)
 x - a ring of ice (right hand)
Wands
 s - a wand of iceblast (18)
 w - a wand of scattershot (5)
 y - a wand of paralysis (20)
 C - a wand of random effects (31)
Scrolls
 d - a scroll of fear
 l - a scroll of identify
 m - 4 scrolls of teleportation
 n - 4 scrolls of fog
 u - a scroll of blinking
 v - 2 scrolls of remove curse
Potions
 i - 3 potions of agility
 o - 2 potions of curing
 z - a potion of resistance
 A - 2 potions of invisibility
Comestibles
 f - 17 rations
 t - 10 chunks of flesh


   Skills:
 - Level 5.1 Fighting
 - Level 10.1 Maces & Flails
 - Level 3.3 Slings
 - Level 5.6 Armour
 - Level 5.0 Dodging
 - Level 5.0 Shields
 - Level 5.2 Spellcasting
 + Level 3.3 Fire Magic
 - Level 5.0 Ice Magic
 - Level 5.0 Air Magic
 - Level 5.0 Earth Magic


You couldn't memorise any spells.
You knew the following spells:

 Your Spells              Type           Power        Failure   Level  Hunger
a - Sandblast             Erth           ##....       65%         1    None
b - Passwall              Tmut/Erth      #.........   98%         2    ##.....
c - Petrify               Tmut/Erth      #.......     100%        4    ####...
d - Metabolic Englaciati  Hex/Ice        ##........   100%        5    ######.
e - Poisonous Vapours     Pois/Air       #.....       98%         2    ##.....
f - Mephitic Cloud        Conj/Pois/Air  #.......     100%        3    ###....
g - Conjure Flame         Conj/Fire      #.......     100%        3    ###....


Dungeon Overview and Level Annotations

Branches:
Dungeon (9/15)             Temple (1/1) D:7            Lair (2/6) D:9
  Swamp: Lair:2-4    Shoals: Lair:2-4     Snake: Lair:2-4    Spider: Lair:2-4
    Orc: D:9-12

Altars:
Ashenzari
Cheibriados
Dithmenos
Elyvilon
Fedhas
Gozag
Hepliaklqana
Kikubaaqudgha
Makhleb
Nemelex Xobeh
Okawaru
Qazlal
Ru
Sif Muna
Trog
Uskayaw
Vehumet
Wu Jian
Xom
Yredelemnul
Zin
The Shining One

Shops:
D:9 :

Annotations:
Lair:2 exclusion: 2 oklob plants


Innate Abilities, Weirdness & Mutations

You are resistant to torment.
Your stone body is resilient. (AC +8)
You are immune to poison.
You resist negative energy. (rN+)
You are resistant to electric shocks. (rElec)
You can survive without breathing.
You are immune to petrification.
You are immune to rotting.
You have a pair of small antennae on your head.
You are partially covered in icy blue scales. (AC +2)
You can translocate small distances at will.


Message History

You block the scorpion's attack.
You sock the six-headed hydra!
The six-headed hydra is almost dead.
The six-headed hydra bites you.
* * * LOW HITPOINT WARNING * * *
The six-headed hydra bites you but does no damage.
The six-headed hydra bites you.
* * * LOW HITPOINT WARNING * * *
The six-headed hydra bites you but does no damage. x2
You block the six-headed hydra's attack.
You feel better.
You block the six-headed hydra's attack.
The six-headed hydra bites you but does no damage. x2
The six-headed hydra bites you!
* * * LOW HITPOINT WARNING * * *
The six-headed hydra bites you.
* * * LOW HITPOINT WARNING * * *
The six-headed hydra bites you but does no damage.
The scorpion stings you.
You die...

#####....# #..PP...###
## #.P.......##.#
#..!P.........
#####.........
#.......... #..........
#.#Ds#####.
#.#@.....#.#P
##............
#................
#....................
##.##P..P#......##....
#..............##.....
#.≈≈≈≈≈≈≈≈≈...........
##.≈####≈≈≈≈.....#.....
#..≈≈# ##≈≈≈...........


You could see a six-headed hydra, an oklob plant and a scorpion.

Vanquished Creatures
  A freezing wraith (D:9)
  2 komodo dragons
  2 spiny frogs (Lair:1)
  5 blink frogs
  2 hippogriffs
  A shadow (D:9)
  A wyvern (D:9)
  12 yaks
  A hungry ghost (D:7)
  Grum (D:9)
  The ghost of Dargar the Shield-Bearer, an amateur GrFi (D:3)
  5 water moccasins
  2 orc warriors (D:9)
  An ice beast (D:9)
  A phantom (D:4)
  5 sky beasts
  A necrophage (D:6)
  7 wolves
  4 ogres
  A centaur (D:5)
  2 crocodiles
  12 bullfrogs
  2 big kobolds (D:4)
  A wyvern zombie (D:9)
  An electric eel (Lair:2)
  2 crimson imps
  A centaur zombie (D:8)
  9 hounds
  2 centaur skeletons
  2 bullfrog skeletons
  7 orc priests
  7 orc wizards
  3 iguanas
  5 worker ants
  A hound zombie (D:6)
  2 hound skeletons
  A howler monkey zombie (D:5)
  3 worker ant zombies
  11 gnolls
  14 adders
  3 shadow imps
  9 oozes
  2 adder zombies
  A worm (D:3)
  32 leopard geckos
  25 orcs
  14 giant cockroaches
  21 goblins
  35 hobgoblins
  10 jackals
  6 kobolds
  3 quokkas
  7 ball pythons
  8 bats
  14 frilled lizards
  A jackal skeleton (D:8)
  A quokka skeleton (D:7)
  9 rats
  3 plants (D:9)
348 creatures vanquished.

Vanquished Creatures (others)
  An orc wizard (D:8)
  A fungus (Lair:1)
  3 plants
5 creatures vanquished.

Grand Total: 353 creatures vanquished

Notes
Turn   | Place    | Note
-------+----------+-------------------------------------------
     0 | D:1      | Gildeon the Gargoyle Fighter began the quest for the Orb.
     0 | D:1      | Reached XP level 1. HP: 14/14 MP: 1/1
   182 | D:1      | Reached XP level 2. HP: 19/19 MP: 2/2
   408 | D:1      | Reached skill level 3 in Maces & Flails
   732 | D:1      | Reached XP level 3. HP: 23/23 MP: 3/3
  1048 | D:2      | Found a glowing silver altar of Zin.
  1298 | D:2      | Found a burning altar of Makhleb.
  1298 | D:2      | Noticed an Executioner
  1325 | D:2      | Found an ornate altar of the Wu Jian Council.
  1327 | D:2      | Found a snail-covered altar of Cheibriados.
  1761 | D:3      | Reached skill level 4 in Maces & Flails
  1768 | D:3      | Found a sparkling altar of Nemelex Xobeh.
  1887 | D:3      | Noticed Dargar's ghost (amateur GrFi)
  1916 | D:3      | Killed Dargar's ghost
  1916 | D:3      | Reached skill level 5 in Maces & Flails
  1916 | D:3      | Reached XP level 4. HP: 12/28 MP: 4/4
  1916 | D:3      | Reached XP level 5. HP: 14/32 MP: 5/5
  2449 | D:3      | Reached skill level 6 in Maces & Flails
  2449 | D:3      | Reached XP level 6. HP: 37/37 MP: 6/6
  3193 | D:4      | Learned a level 1 spell: Confusing Touch
  3198 | D:4      | Learned a level 4 spell: Petrify
  3635 | D:4      | Reached skill level 7 in Maces & Flails
  3635 | D:4      | Reached XP level 7. HP: 38/41 MP: 7/7
  3906 | D:4      | Reached skill level 8 in Maces & Flails
  4333 | D:4      | Reached skill level 9 in Maces & Flails
  4333 | D:4      | Reached XP level 8. HP: 46/46 MP: 8/8
  4450 | D:4      | You fall through a shaft for 2 floors!
  4722 | D:5      | Entered Level 5 of the Dungeon
  4786 | D:5      | Reached skill level 10 in Maces & Flails
  4900 | D:5      | Reached skill level 5 in Fighting
  4915 | D:5      | Noticed a yak
  4939 | D:5      | Killed a yak
  5003 | D:5      | Reached XP level 9. HP: 24/54 MP: 9/9
  5089 | D:5      | Reached skill level 5 in Armour
  5148 | D:5      | Found a glowing drain.
  5189 | Sewer    | Entered a sewer
  5517 | Sewer    | Reached skill level 1 in Dodging
  6048 | D:5      | Found a bloodstained altar of Trog.
  6183 | D:5      | Found a shimmering altar of Xom.
  6352 | D:5      | Found a blossoming altar of Fedhas.
  6468 | D:6      | Found a basalt altar of Yredelemnul.
  6968 | D:7      | Gained mutation: You have a pair of small antennae on your head. [potion of mutation]
  6968 | D:7      | Gained mutation: You are partially covered in icy blue scales. (AC +2) [potion of mutation]
  6968 | D:7      | Gained mutation: You can translocate small distances at will. [potion of mutation]
  6981 | D:7      | Found a staircase to the Ecumenical Temple.
  7019 | Temple   | Entered the Ecumenical Temple
  7041 | Temple   | Became a worshipper of Sif Muna the Loreminder
  7222 | D:7      | Reached skill level 5 in Dodging
  7466 | D:7      | Found a shattered altar of Ashenzari.
  7737 | D:8      | Reached skill level 5 in Shields
  7805 | D:8      | Reached skill level 1 in Slings
  8416 | D:9      | Reached XP level 10. HP: 42/59 MP: 10/10
  8480 | D:9      | Reached skill level 1 in Spellcasting
  8561 | D:9      | Learned a level 5 spell: Metabolic Englaciation
  8630 | D:9      | Learned a level 2 spell: Poisonous Vapours
  8634 | D:9      | Learned a level 3 spell: Conjure Flame
  8638 | D:9      | Learned a level 3 spell: Mephitic Cloud
  8655 | D:9      | Reached * piety under Sif Muna
  8724 | D:9      | Noticed Grum
  8759 | D:9      | Killed Grum
  8759 | D:9      | Reached skill level 5 in Spellcasting
  8765 | D:9      | Reached skill level 1 in Earth Magic
  9009 | D:9      | Reached skill level 5 in Earth Magic
  9015 | D:9      | Reached skill level 1 in Ice Magic
  9111 | D:9      | Found a staircase to the Lair.
  9144 | D:9      | Reached ** piety under Sif Muna
  9302 | D:9      | Reached XP level 11. HP: 63/63 MP: 18/18
  9408 | D:9      | Found Sicvaz's Book Emporium.
  9411 | D:9      | Bought a book of Geomancy for 525 gold pieces
  9414 | D:9      | Learned a level 1 spell: Sandblast
  9417 | D:9      | Learned a level 2 spell: Passwall
  9639 | Lair:1   | Entered Level 1 of the Lair of Beasts
  9647 | Lair:1   | Reached skill level 5 in Ice Magic
  9716 | D:9      | Reached skill level 1 in Air Magic
 10185 | Lair:1   | Reached *** piety under Sif Muna
 10205 | Lair:1   | Reached skill level 5 in Air Magic
 10344 | Lair:1   | Reached skill level 1 in Fire Magic
 10796 | Lair:2   | Noticed an oklob plant
 10800 | Lair:2   | Noticed a six-headed hydra
 10800 | Lair:2   | Noticed an oklob plant
 10821 | Lair:2   | Slain by a scorpion

Vault maps used:
D:1:      dpeg_arrival_houses_and_road
D:2:      makhleb_altar_promises_db, zin_scriptorium,
          grunt_temple_overflow_open, first_ration
D:3:      nemelex_xobeh_ov_fountains_minmay, kennysheep_crisscross,
          minmay_misc_feat_tower
D:4:      minmay_goblin_kobold_castle
D:5:      cheibrodos_fzero, kennysheep_mini_moat, fedhas_altar_fruit_tree,
          gup_sewer_entry_pipe, nrook_mini_vaults, trog_hazing_becter
D:6:      yredelemnul_altar_generic
D:7:      cheibrodos_ashenzari_chains, minmay_temple_entry_hall
D:9:      minmay_the_grid_octo_tiled_squarecenter, david_lair_shrubbed,
          serial_shops, kennysheep_mini, uniq_grum
Temple:   dshaligram_water_room_temple
Lair:1:   guppyfry_lair_drakes, grunt_megastairs_3, lemuel_fruit_fields
Lair:2:   minmay_lair_oklob_chamber, infiniplex_staircase_pool_2
Sewer:    sewer_frog_island_02

Skill      XL: |  1  2  3  4  5  6  7  8  9 10 11 |
---------------+----------------------------------+-----
Maces & Flails | 3 5 6 7 9 10 | 10.1
Fighting       | 5 |  5.1
Armour         | 4 5 |  5.6
Dodging        | 5 |  5.0
Shields        | 5 |  5.0
Slings         | 3 |  3.3
Spellcasting   | 5 |  5.2
Earth Magic    | 5 |  5.0
Ice Magic      | 4 5 |  5.0
Air Magic      | 5 |  5.0
Fire Magic     | 3 |  3.3

Action                   |  1- 3 |  4- 6 |  7- 9 | 10-12 || total
-------------------------+-------+-------+-------+-------++-------
Melee: Flail             |   160 |    79 |       |       ||   239
       Morningstar       |       |   148 |   819 |   469 ||  1436
 Fire: Hunting sling     |       |       |    34 |       ||    34
       Fustibalus        |       |       |       |    50 ||    50
Throw: Stone             |       |       |       |     1 ||     1
  Use: Scroll            |    10 |     4 |     8 |     5 ||    27
       Potion            |     3 |       |     2 |     8 ||    13
  Eat: Ration            |     1 |     1 |     5 |     1 ||     8
       Chunk             |       |     2 |     9 |     5 ||    16
Armor: Scale mail        |     9 |       |       |       ||     9
       Chain mail        |   116 |   136 |   596 |   276 ||  1124
Dodge: Dodged            |    52 |    47 |   219 |   139 ||   457
Block: Shield            |    84 |   122 |   454 |   263 ||   923

Table legend:
 A = Spawn XP
 B = Non-spawn XP
 C = Spawn XP percentage of total XP
 D = Spawn monster count
 E = Non-spawn monster count
 F = Spawn count percentage of total count
 G = Total turns spent on level
                    A         B        C        D         E        F      G
               +---------+---------+-------+---------+---------+-------+---------
         Total |       0 |   15038 |   0.0 |       0 |     346 |   0.0 | 10821
               +---------+---------+-------+---------+---------+-------+---------
           D:1 |       0 |      35 |   0.0 |       0 |      23 |   0.0 |  1035
           D:2 |       0 |      11 |   0.0 |       0 |       3 |   0.0 |   579
           D:3 |       0 |     350 |   0.0 |       0 |      33 |   0.0 |  1357
           D:4 |       0 |     827 |   0.0 |       0 |      67 |   0.0 |  1548
           D:5 |       0 |     963 |   0.0 |       0 |      33 |   0.0 |   930
           D:6 |       0 |     732 |   0.0 |       0 |      18 |   0.0 |   690
           D:7 |       0 |     909 |   0.0 |       0 |      18 |   0.0 |   735
           D:8 |       0 |     445 |   0.0 |       0 |      22 |   0.0 |   709
           D:9 |       0 |    7119 |   0.0 |       0 |      54 |   0.0 |  1517
        Lair:1 |       0 |    2639 |   0.0 |       0 |      13 |   0.0 |   776
        Lair:2 |       0 |     642 |   0.0 |       0 |       6 |   0.0 |   164
         Sewer |       0 |     366 |   0.0 |       0 |      56 |   0.0 |   700
               +---------+---------+-------+---------+---------+-------+---------
